 Dungeon Crawl Stone Soup version 0.25.1-8-g42b30a86e7 (webtiles) character file.

Game seed: 18290611957898411497

1255 Clowwww the Cleaver (level 8, 0/70 HPs)
             Began as a Hill Orc Fighter on Dec 19, 2020.
             Was a Believer of Makhleb.
             Succumbed to Duvessa's poison
             ... on level 6 of the Dungeon.
             The game lasted 00:11:08 (4847 turns).

Clowwww the Cleaver (Hill Orc Fighter)              Turns: 4847, Time: 00:11:08

Health: 0/70       AC:  9    Str: 21    XL:     8   Next: 51%
Magic:  1/8        EV:  8    Int:  8    God:    Makhleb [**....]
Gold:   212        SH: 10    Dex: 10    Spells: 7/7 levels left

rFire    . . .     SeeInvis .   a - +0 war axe
rCold    . . .     Gourm    .   c - +0 kite shield
rNeg     . . .     Faith    .   b - +2 scale mail
rPois    .         Spirit   +   (no helmet)
rElec    .         Reflect  .   (no cloak)
rCorr    .         Harm     .   (no gloves)
MR       +....                  (no boots)
Stlth    ..........             g - amulet of guardian spirit
HPRegen  0.21/turn              k - ring of protection from magic
MPRegen  0.11/turn              (no ring)

@: mighty, lethally poisoned (0 -> -54)
A: no striking features
a: Minor Destruction, Renounce Religion


You were on level 6 of the Dungeon.
You worshipped Makhleb.
Makhleb was pleased with you.
You were not hungry.

You visited 1 branch of the dungeon, and saw 6 of its levels.
You also visited: Ossuary.

You collected 212 gold pieces.

Inventory:

Hand Weapons
 a - a +0 war axe (weapon)
Missiles
 l - 15 boomerangs (quivered)
 o - 2 throwing nets
Armour
 b - a +2 scale mail (worn)
 c - a +0 kite shield (worn)
Jewellery
 g - an amulet of guardian spirit (around neck)
 k - a ring of protection from magic (left hand)
 x - an uncursed amulet of regeneration
Wands
 p - a wand of polymorph (11)
Scrolls
 e - 4 scrolls of magic mapping
 h - a scroll of teleportation
 m - a scroll of amnesia
 n - a scroll of enchant weapon {unknown}
 r - a scroll of acquirement {unknown}
 s - 2 scrolls of immolation
 y - a scroll of fear {unknown}
 z - a scroll of remove curse
Potions
 d - a potion of might
 i - 3 potions of curing
 j - a potion of cancellation
 q - 2 potions of heal wounds
 t - 2 potions of brilliance
 u - 2 potions of lignification
 w - a potion of flight
Comestibles
 f - 9 rations
 v - 2 chunks of flesh


   Skills:
 + Level 6.0 Fighting
 + Level 8.7 Axes
 + Level 1.0 Throwing
 + Level 5.4 Armour
 + Level 1.2 Dodging
 + Level 0.6 Stealth
 + Level 5.8 Shields


You had 7 spell levels left.
You didn't know any spells.
Your spell library was empty.

Dungeon Overview and Level Annotations

Branches:
Dungeon (6/15)             Temple (0/1) D:5         Ossuary (visited)

Altars:
Cheibriados
Hepliaklqana
Makhleb
Nemelex Xobeh
Uskayaw
Vehumet
Wu Jian
Xom
Zin

Annotations:
D:6 Duvessa


Message History

You hit Duvessa.
Duvessa is severely wounded.
* * * LOW HITPOINT WARNING * * *
You feel very sick. You block Duvessa's attack. x2
You slash Duvessa!
Duvessa is almost dead.
* * * LOW HITPOINT WARNING * * *
You feel very sick.
Duvessa hits you with a +0 short sword of venom.
* * * LOW HITPOINT WARNING * * *
You are more poisoned.
You barely miss Duvessa.
Duvessa is almost dead.
* * * LOW HITPOINT WARNING * * *
You feel very sick. You block Duvessa's attack. x2
You hit Duvessa.
Duvessa is almost dead.
You die...

#..... ###.#### ####.#.#
#....#.# #.##.#.# #######.##.#.#
........##.#.# ###########.....#
#..@).....+.....#
#.#e.######.....#
#.#...).........#
#######.##.#####......# #+
#.รท..(..#................
#.#.####.###########....####....
#.#......# #.#.## #.....
#.#......# #.#..# .....
.........# ##.##.####.....


You could see Duvessa (berserk, fast).

Vanquished Creatures
  4 ogres
  An ice beast (D:5)
  A centaur (D:4)
  A bullfrog (D:6)
  Dowan (D:6)
  A centaur zombie (D:6)
  A bullfrog zombie (D:5)
  A hound (D:5)
  2 bullfrog skeletons (D:5)
  2 iguanas
  An orc wizard (D:5)
  6 worker ants
  2 big kobold zombies (Ossuary)
  2 mummies (Ossuary)
  3 gnolls (D:5)
  5 adders
  2 oozes (D:2)
  6 adder zombies (Ossuary)
  An adder skeleton (D:4)
  A worm (D:3)
  2 dart slugs
  2 leopard geckos
  7 orcs
  4 giant cockroaches
  10 goblins
  7 hobgoblins
  4 kobolds
  3 quokkas
  2 ball pythons
  4 bats
  3 frilled lizards
  5 hobgoblin zombies (Ossuary)
  7 kobold zombies (Ossuary)
  A leopard gecko skeleton (D:5)
  7 orc zombies (Ossuary)
  A quokka skeleton (D:6)
  8 rats
121 creatures vanquished.

Notes
Turn   | Place    | Note
-------+----------+-------------------------------------------
     0 | D:1      | Clowwww the Hill Orc Fighter began the quest for the Orb.
     0 | D:1      | Reached XP level 1. HP: 19/19 MP: 1/1
   244 | D:1      | Reached XP level 2. HP: 25/27 MP: 2/2
   827 | D:2      | Found a hide-covered altar of Uskayaw.
   827 | D:2      | Found a snail-covered altar of Cheibriados.
   828 | D:2      | Found an ornate altar of the Wu Jian Council.
   828 | D:2      | Found a radiant altar of Vehumet.
   829 | D:2      | Found a sparkling altar of Nemelex Xobeh.
   829 | D:2      | Found a burning altar of Makhleb.
   844 | D:2      | Became a worshipper of Makhleb the Destroyer
   852 | D:2      | Reached skill level 3 in Axes
   852 | D:2      | Reached XP level 3. HP: 31/33 MP: 3/3
  1229 | D:2      | Found a glowing silver altar of Zin.
  1229 | D:2      | Noticed an angel
  1230 | D:2      | Found a shimmering altar of Xom.
  1415 | D:2      | Reached XP level 4. HP: 38/40 MP: 4/4
  1452 | D:2      | Reached skill level 4 in Axes
  1746 | D:3      | Found a faded altar of an unknown god.
  2072 | D:3      | You fall into a shaft and drop 1 floor!
  2198 | D:3      | Reached * piety under Makhleb
  2236 | D:3      | Reached XP level 5. HP: 25/46 MP: 5/5
  2786 | D:4      | Reached skill level 5 in Axes
  3029 | D:4      | Noticed a centaur
  3033 | D:4      | Killed a centaur
  3033 | D:4      | Reached XP level 6. HP: 49/53 MP: 6/6
  3508 | D:5      | Entered Level 5 of the Dungeon
  3572 | D:5      | Reached skill level 6 in Axes
  3612 | D:5      | Reached skill level 5 in Shields
  3612 | D:5      | Reached XP level 7. HP: 41/60 MP: 7/7
  3650 | D:5      | Found a sand-covered staircase.
  3662 | Ossuary  | Entered an ossuary
  3751 | Ossuary  | Reached ** piety under Makhleb
  3785 | Ossuary  | Reached skill level 5 in Fighting
  3865 | D:5      | Found a hazy altar of Hepliaklqana.
  4033 | D:5      | Reached skill level 7 in Axes
  4033 | D:5      | Reached skill level 1 in Dodging
  4109 | D:5      | Reached XP level 8. HP: 69/69 MP: 8/8
  4117 | D:5      | Reached skill level 8 in Axes
  4118 | D:5      | Found a staircase to the Ecumenical Temple.
  4182 | D:5      | Reached skill level 5 in Armour
  4609 | D:6      | Reached skill level 1 in Throwing
  4822 | D:6      | Noticed Duvessa
  4822 | D:6      | Noticed Dowan
  4828 | D:6      | Killed Dowan
  4847 | D:6      | Succumbed to Duvessa's poison

Illustrated notes

Levels and vault maps discovered:
D:1:      nzn_arrival_depleted_hourglass, layout_basic,
          hangedman_decor_clover_reticule, chequers_serial_rivers_small_3
D:2:      layout_basic, grunt_temple_overflow_order_and_chaos_1,
          grunt_temple_overflow_open
D:3:      layout_basic, chequers_ecumenical_altar_simple_redux
D:4:      layout_cave_pods, first_ration, serial_bayou, serial_bayou_pond_d,
          serial_bayou_pond_e, serial_bayou_lagoon_a, serial_bayou_pond_a,
          minmay_misc_feat_chi
D:5:      layout_loops_ring, overflow_temple_1_default,
          minmay_temple_entry_large_hall, chequers_ossuary_entry_cave
D:6:      layout_basic, serial_shops, shop, uniq_duvessa

Skill      XL: |  1  2  3  4  5  6  7  8 |
---------------+-------------------------+-----
Shields        | 4 5 |  5.8
Fighting       | 4 5 6 |  6.0
Axes           | 3 4 5 6 7 8 |  8.7
Armour         | 4 5 |  5.4
Dodging        | 1 |  1.2
Throwing       | 1 |  1.0
Stealth        | |  0.6

Action                   |  1- 3 |  4- 6 |  7- 9 || total
-------------------------+-------+-------+-------++-------
Melee: War axe           |    96 |   136 |   197 ||   429
Throw: Boomerang         |       |       |    14 ||    14
Invok: Minor Destruction |       |       |     2 ||     2
  Use: Scroll            |       |    11 |     7 ||    18
       Potion            |       |       |     2 ||     2
  Eat: Chunk             |     2 |     6 |     2 ||    10
       Ration            |       |       |     1 ||     1
Armor: Scale mail        |    41 |    52 |    65 ||   158
Dodge: Dodged            |    33 |    37 |    50 ||   120
Block: Kite shield       |    54 |    76 |   108 ||   238
